[Event "UKR-ch Women 2020"]
[Site "Kherson"]
[Date "2020.12.09"]
[Round "4.1"]
[White "Shpanko, Nadiia"]
[Black "Berdnyk, Mariia"]
[Result "1/2-1/2"]
[ECO "C47"]
[WhiteElo "2235"]
[BlackElo "2324"]
[Annotator "RC"]
[PlyCount "58"]
[EventDate "2020.12.06"]
[EventType "swiss"]
[EventCountry "UKR"]
[SourceTitle "playchess.com"]
[Source "ChessBase"]
[SourceQuality "1"]
[TimeControl "40/5400+30:1800+30"]

1. e4 e5 2. Nf3 Nc6 3. Nc3 Nf6 4. d4 Bb4 5. Nxe5 Nxe4 6. Qf3 Nf6 7. Be3 O-O 8. Bd3 Re8 9. Nxc6 dxc6 10. O-O Bg4 11. Qg3 Bxc3 12. bxc3 Qd7 13. Rfe1 Nd5 14. Bd2 Bf5 15. c4 Bxd3 16. Qxd3 Ne7 17. Rab1 b6 18. Bf4 Nf5 19. c3 g6 20. Qd2 Nd6 21. Qd3 Rxe1+ 22. Rxe1 Re8 23. Rxe8+ Qxe8 24. Bxd6 Qe1+ 25. Qf1 Qxf1+ 26. Kxf1 cxd6 27. Ke2 f5 28. Kd3 Kf7 29. f4 Ke6 1/2-1/2

[Event "UKR-ch Women 2020"]
[Site "Kherson"]
[Date "2020.12.09"]
[Round "4.2"]
[White "Osmak, Iulija"]
[Black "Buksa, Nataliya"]
[Result "0-1"]
[ECO "A16"]
[WhiteElo "2438"]
[BlackElo "2410"]
[Annotator "ChessBase"]
[PlyCount "101"]
[EventDate "2020.12.06"]
[EventType "swiss"]
[EventCountry "UKR"]
[SourceTitle "playchess.com"]
[Source "ChessBase"]
[SourceQuality "1"]
[TimeControl "40/5400+30:1800+30"]

1. c4 Nf6 2. Nc3 g6 3. e4 e5 4. g3 Bg7 5. Nge2 Nc6 6. Bg2 d6 7. d3 Bg4 8. f3 Be6 9. Be3 h5 10. Qd2 Qd7 11. Nd5 Nd8 12. d4 c6 13. Nxf6+ Bxf6 14. d5 cxd5 15. cxd5 Bh3 16. Bxh3 Qxh3 17. Nc3 Qd7 18. Qe2 a6 19. a4 Qe7 20. h4 g5 21. hxg5 Bxg5 22. f4 exf4 23. gxf4 Bf6 24. Bb6 Rc8 25. Kd2 h4 26. Qd3 Qd7 27. Rag1 Bxc3+ 28. bxc3 Qxa4 29. Bd4 Rf8 30. Rxh4 b5 31. Qh3 Rc4 32. Qd3 Nb7 33. Rhh1 Na5 34. Ke3 Nb3 35. Bb6 Qa3 36. Kf2 Qb2+ 37. Qe2 Nd2 38. Re1 Nxe4+ 39. Kf1 Qxc3 40. Rh4 Kd7 41. Qg4+ f5 42. Qg6 Qd3+ 43. Kg1 Qxd5 44. Rh7+ Kc6 45. Ba5 b4 46. Rb1 Qd4+ 47. Kh1 Qd3 48. Rc7+ Kd5 49. Re1 Rxc7 50. Bxc7 Rh8+ 51. Kg1 0-1

[Event "UKR-ch Women 2020"]
[Site "Kherson"]
[Date "2020.12.09"]
[Round "4.3"]
[White "Hrebenshchykova, Yelyzaveta"]
[Black "Doluhanova, Evgeniya"]
[Result "1/2-1/2"]
[ECO "E18"]
[WhiteElo "2083"]
[BlackElo "2229"]
[Annotator "RC"]
[PlyCount "55"]
[EventDate "2020.12.06"]
[EventType "swiss"]
[EventCountry "UKR"]
[SourceTitle "playchess.com"]
[Source "ChessBase"]
[SourceQuality "1"]
[TimeControl "40/5400+30:1800+30"]

1. d4 Nf6 2. c4 e6 3. Nf3 b6 4. g3 Bb7 5. Bg2 Be7 6. O-O O-O 7. Nc3 Ne4 8. Bd2 Nxc3 9. Bxc3 Be4 10. Ne5 Bxg2 11. Kxg2 d6 12. Nd3 d5 13. cxd5 Qxd5+ 14. f3 Rd8 15. e4 Qb7 16. Nf4 Bg5 17. Qe2 Bxf4 18. gxf4 c5 19. dxc5 bxc5 20. Rad1 Nc6 21. Rxd8+ Rxd8 22. Rd1 Rxd1 23. Qxd1 Qc7 24. Qd2 h6 25. h4 Kh7 26. Kf2 Qe7 27. Kg3 Qc7 28. Kf2 1/2-1/2

[Event "UKR-ch Women 2020"]
[Site "Kherson"]
[Date "2020.12.09"]
[Round "4.4"]
[White "Grigorchuk, Katerina"]
[Black "Rakhmangulova, Anastasiya"]
[Result "0-1"]
[ECO "C10"]
[WhiteElo "1767"]
[BlackElo "2132"]
[Annotator "RC"]
[PlyCount "42"]
[EventDate "2020.12.06"]
[EventType "swiss"]
[EventCountry "UKR"]
[SourceTitle "playchess.com"]
[Source "ChessBase"]
[SourceQuality "1"]
[TimeControl "40/5400+30:1800+30"]

1. e4 e6 2. d4 d5 3. Nc3 Nc6 4. e5 f6 5. exf6 Nxf6 6. Nf3 Bd6 7. Bd3 O-O 8. O-O Bd7 9. Re1 Ng4 10. Bg5 Qe8 11. Bh4 Qh5 12. h3 e5 13. dxe5 Ncxe5 14. Be2 Nxf3+ 15. Bxf3 Qxh4 16. Qxd5+ Kh8 17. hxg4 Bxg4 18. g3 Bxg3 19. fxg3 Qxg3+ 20. Bg2 Qf2+ 21. Kh1 Rf6 0-1

[Event "UKR-ch Women 2020"]
[Site "Kherson"]
[Date "2020.12.09"]
[Round "4.5"]
[White "Gaponenko, Inna"]
[Black "Babiy, Olga"]
[Result "1/2-1/2"]
[ECO "B13"]
[WhiteElo "2390"]
[BlackElo "2271"]
[Annotator "RC"]
[PlyCount "79"]
[EventDate "2020.12.06"]
[EventType "swiss"]
[EventCountry "UKR"]
[SourceTitle "playchess.com"]
[Source "ChessBase"]
[SourceQuality "1"]
[TimeControl "40/5400+30:1800+30"]

1. e4 c6 2. d4 d5 3. exd5 cxd5 4. c4 Nf6 5. Nc3 Nc6 6. Nf3 Bg4 7. cxd5 Nxd5 8. Qb3 Bxf3 9. gxf3 e6 10. Qxb7 Nxd4 11. Bb5+ Nxb5 12. Qc6+ Ke7 13. Qxb5 Qd7 14. Nxd5+ Qxd5 15. Bg5+ f6 16. Qxd5 exd5 17. Be3 Ke6 18. O-O-O Bb4 19. a3 Rhc8+ 20. Kb1 Bc5 21. Rhe1 Bxe3 22. Rxe3+ Kd6 23. Rde1 Rc4 24. Re6+ Kc5 25. Rg1 Rh4 26. Rc1+ Rc4 27. b4+ Kb5 28. Rd6 Rxc1+ 29. Kxc1 Kc4 30. Kd2 a6 31. Rd7 g5 32. Rxh7 Kb3 33. Rb7 Kxa3 34. Rb6 Kb3 35. Kd3 Rh8 36. Rxa6 Kxb4 37. f4 gxf4 38. Rxf6 Rxh2 39. Rxf4+ Kc5 40. Rf8 1/2-1/2

[Event "UKR-ch Women 2020"]
[Site "Kherson"]
[Date "2020.12.09"]
[Round "4.6"]
[White "Barchuk, Irina"]
[Black "Petrova, Irina"]
[Result "0-1"]
[ECO "B07"]
[WhiteElo "2075"]
[BlackElo "2077"]
[Annotator "NA"]
[PlyCount "108"]
[EventDate "2020.12.06"]
[EventType "swiss"]
[EventCountry "UKR"]
[SourceTitle "playchess.com"]
[Source "ChessBase"]
[SourceQuality "1"]
[TimeControl "40/5400+30:1800+30"]

1. e4 d6 2. d4 Nf6 3. Nc3 e5 4. Nge2 Nc6 5. d5 Ne7 6. Bg5 Ng6 7. h4 h6 8. Bxf6 Qxf6 9. h5 Nf4 10. Ng1 g6 $1 11. hxg6 Nxg6 12. g3 c6 ({Black should try} 12... a6 $14) 13. Bh3 Be7 14. Bxc8 Rxc8 15. Qg4 Rb8 16. Rh5 Bd8 17. Rf5 Qe7 (17... Qg7 $14) 18. O-O-O Qd7 (18... h5 $16 {was necessary.} 19. Rxh5 Rxh5 20. Qxh5 Qg5+ 21. Qxg5 Bxg5+ 22. Kb1 Kd7) 19. Qh5 c5 20. Nge2 (20. f4 $18) 20... b5 21. f4 b4 22. Nb1 c4 (22... Qa4 $1 $11) 23. Rh1 (23. Nd2 $16 c3 24. Nb3 (24. bxc3 Qa4 $14)) 23... b3 (23... Qc7 $11) 24. axb3 cxb3 25. cxb3 Qb5 (25... Rxb3 $11 26. Nec3 (26. fxe5 Bg5+ 27. Rxg5 Qc7+ 28. Nbc3 hxg5 $19) 26... Rb8) 26. Nd2 Bb6 {[%emt 0:04:41] [#]} 27. Qf3 $1 (27. fxe5 Be3 $16) 27... Bc5 28. Nc3 Qa6 29. Rf1 $2 ({Better is} 29. Kb1 $18) 29... exf4 $1 30. gxf4 Nh4 $1 {[%emt 0:00:09] Double Attack} 31. Qh5 $2 (31. Qh3 $15 Nxf5 32. exf5) 31... Nxf5 32. exf5 Kf8 $2 (32... Be3 $19 33. Qd1 Kd7) 33. Re1 $2 (33. Kc2 $15) 33... Re8 $2 ({Better is} 33... Qa1+ $19 34. Ncb1 Bd4) 34. Rxe8+ Kxe8 35. Nc4 {[%emt 0:00:35] [#]} ({Better is} 35. Kc2 $1 $15) 35... Qa1+ $1 36. Nb1 $2 (36. Kc2 $17) 36... Rg8 37. Qe2+ Kd8 38. Ncd2 Rg1+ 39. Kc2 Bd4 40. Qb5 Qxb2+ 41. Kd3 Rg3+ 42. Ke2 Re3+ 43. Kd1 Bc5 $19 44. Qb7 Ke8 45. Qb8+ Ke7 46. f6+ Qxf6 47. b4 Bb6 48. Qb7+ Kf8 49. Qc8+ Re8 50. Qg4 Be3 51. f5 Bxd2 52. Nxd2 Qe5 53. Qh4 Qe2+ 54. Kc2 Rc8+ 0-1

[Event "UKR-ch Women 2020"]
[Site "Kherson"]
[Date "2020.12.09"]
[Round "4.7"]
[White "Martynkova, Olena"]
[Black "Hryzlova, Sofiia"]
[Result "1/2-1/2"]
[ECO "A13"]
[WhiteElo "2222"]
[BlackElo "2064"]
[Annotator "NA"]
[PlyCount "109"]
[EventDate "2020.12.06"]
[EventType "swiss"]
[EventCountry "UKR"]
[SourceTitle "playchess.com"]
[Source "ChessBase"]
[SourceQuality "1"]
[TimeControl "40/5400+30:1800+30"]

1. Nf3 Nf6 2. c4 e6 3. g3 d5 4. Bg2 dxc4 5. O-O a6 6. a4 Nc6 7. Qc2 e5 8. Qxc4 Be6 9. Qh4 (9. Qc2 $142) 9... Be7 10. d3 {[%emt 0:07:14] [#]} (10. Ng5 $17) 10... h6 (10... Ng4 $1 $19 11. Ng5 Qd7) 11. Bg5 O-O 12. Bxf6 Bxf6 13. Qe4 Bd5 14. Qe3 Nb4 15. Qd2 Qd6 16. Nc3 Bc6 17. Ne1 Bg5 18. f4 exf4 19. gxf4 Bf6 20. Bxc6 Qxc6 21. Ne4 Qb6+ 22. Kh1 Be7 23. f5 Nd5 24. Ng2 (24. Rg1 $11 {remains equal.}) 24... Rad8 25. Rf3 Nf6 26. Nc3 Bb4 27. Qc2 Rfe8 28. e4 c6 29. Ne3 Bc5 30. Nc4 Qc7 31. e5 Ng4 32. Ne4 Bd4 (32... b5 $5 33. Nxc5 bxc4 $11) 33. Rg3 h5 34. h3 (34. Qg2 $142) 34... Rxe5 ({Reject} 34... Nxe5 $6 35. Qg2 $14 (35. Nf6+ Kf8 $15)) ({Of course not} 34... Bxe5 $6 35. Nxe5 Rxe5 36. Rag1 $16) ({Better is} 34... b5 $17 35. Ncd6 Rxe5 36. hxg4 Rxd6) 35. Nxe5 ({Avoid the trap} 35. hxg4 $2 {[#]} Rxe4 $1 36. Qh2 Rxg4 $19) 35... Bxe5 36. Rf3 Nf6 37. Nxf6+ Bxf6 38. Re1 Qb6 39. b3 Qd4 $11 40. Re4 Qa1+ 41. Kg2 Bd4 42. Rf1 Qa3 43. Rfe1 Rd6 44. Qc4 Rd5 45. Qc2 Qd6 46. Rf1 h4 47. Rg4 Bf6 48. Rf3 Qd7 49. Qe2 Rxf5 50. Rxf5 Qxf5 51. Qe8+ Kh7 52. Qxf7 Qxd3 53. Qh5+ Kg8 54. Qe8+ Kh7 55. Qh5+ 1/2-1/2

[Event "UKR-ch Women 2020"]
[Site "Kherson"]
[Date "2020.12.09"]
[Round "4.8"]
[White "Zinkevich, Julia"]
[Black "Tsirulnik, Maritsa"]
[Result "1/2-1/2"]
[ECO "A06"]
[WhiteElo "2178"]
[BlackElo "2139"]
[Annotator "NA"]
[PlyCount "87"]
[EventDate "2020.12.06"]
[EventType "swiss"]
[EventCountry "UKR"]
[SourceTitle "playchess.com"]
[Source "ChessBase"]
[SourceQuality "1"]
[TimeControl "40/5400+30:1800+30"]

1. Nf3 d5 2. g3 Nf6 3. Bg2 b5 4. O-O Bb7 5. d3 e6 6. Nc3 a6 7. Ne5 Nbd7 8. f4 c5 9. e3 Be7 10. Nxd7 Qxd7 11. Qe2 O-O 12. Nd1 b4 13. Nf2 a5 14. g4 Ne8 15. g5 e5 16. e4 exf4 17. Bxf4 dxe4 18. Nxe4 f5 19. Nd2 Bxg2 20. Qxg2 Nc7 21. Bxc7 Qxc7 22. Qd5+ Kh8 23. Rxf5 Rxf5 24. Qxf5 Rf8 25. Qg4 Qe5 26. Ne4 $2 (26. Nc4 $11 Qd5 27. Rf1) 26... Qxb2 27. Rf1 $19 Rxf1+ 28. Kxf1 Qc1+ 29. Kg2 Qxc2+ 30. Nf2 Kg8 31. Qe6+ Kf8 32. Qc8+ Kf7 33. Qf5+ Kg8 34. Qe6+ Kf8 35. Qc8+ Kf7 36. Qf5+ Kg8 37. Qd5+ Kf8 38. Qa8+ Kf7 39. Qd5+ Kf8 40. Qf3+ Ke8 41. Qc6+ Kf8 42. Qc8+ Kf7 43. Qf5+ Kg8 44. Qe6+ 1/2-1/2

[Event "UKR-ch Women 2020"]
[Site "Kherson"]
[Date "2020.12.09"]
[Round "4.10"]
[White "Grineva, Marianna"]
[Black "Mashchenko, Tamila"]
[Result "1-0"]
[ECO "B53"]
[WhiteElo "2001"]
[BlackElo "1768"]
[Annotator "NA"]
[PlyCount "85"]
[EventDate "2020.12.06"]
[EventType "swiss"]
[EventCountry "UKR"]
[SourceTitle "playchess.com"]
[Source "ChessBase"]
[SourceQuality "1"]
[TimeControl "40/5400+30:1800+30"]

1. e4 c5 2. Nf3 d6 3. d4 cxd4 4. Qxd4 Nc6 5. Bb5 Bd7 6. Bxc6 Bxc6 7. Nc3 Nf6 8. Bg5 h6 ({Black should play} 8... e6 $11) 9. Bxf6 gxf6 10. O-O Rg8 11. Nh4 ({White should try} 11. Nd5 $16) 11... Qd7 ({Black should play} 11... e6 $11) 12. g3 Qh3 13. Nf5 h5 (13... Rg5 $16 14. f3 Rxf5 15. exf5 Qxf5) 14. Nd5 Rd8 15. f3 Bxd5 16. Qxd5 e6 17. Qb5+ Rd7 18. Ne3 Bh6 19. Ng2 a6 {[%emt 0:05:55] [#]} 20. Qc4 (20. Qd3 $1 $16) 20... Ke7 21. Rad1 e5 (21... f5 $1 $11 {keeps the balance.} 22. e5 d5) 22. Rd5 Bf4 23. Qe2 (23. Nxf4 $2 exf4 24. Rd2 fxg3 $19) 23... Bh6 24. c4 f5 {[%emt 0:05:00] [#]} 25. exf5 $1 Qxf5 26. f4 (26. Rfd1 $18) 26... Qg4 27. Qxg4 Rxg4 (27... hxg4 $16 28. fxe5 Bg7) 28. fxe5 Rxc4 29. exd6+ Ke6 30. Rxh5 Bd2 31. Rhf5 Rc2 32. Rf6+ Kd5 33. Rxf7 Kxd6 34. R1f6+ Kc7 35. Rxd7+ Kxd7 36. Rb6 Ba5 {[%emt 0:01:34] [#]} 37. Rb3 $1 ({Don't play} 37. Rxb7+ $6 Kc6 $16) 37... Kc6 38. h4 b5 $18 39. Kh2 Bd2 40. h5 a5 41. a4 b4 42. Kh3 Bc3 43. bxc3 1-0

[Event "UKR-ch Women 2020"]
[Site "Kherson"]
[Date "2020.12.10"]
[Round "5.3"]
[White "Doluhanova, Evgeniya"]
[Black "Osmak, Iulija"]
[Result "0-1"]
[ECO "B51"]
[WhiteElo "2229"]
[BlackElo "2438"]
[Annotator "RC"]
[PlyCount "80"]
[EventDate "2020.12.06"]
[EventType "swiss"]
[EventCountry "UKR"]
[SourceTitle "playchess.com"]
[Source "ChessBase"]
[SourceQuality "1"]
[TimeControl "40/5400+30:1800+30"]

1. e4 c5 2. Nf3 d6 3. Bb5+ Nd7 4. Ba4 Ngf6 5. c4 Nxe4 6. O-O e6 7. Re1 Nef6 8. d4 cxd4 9. Qxd4 Be7 10. Bf4 e5 11. Nxe5 dxe5 12. Qxe5 Kf8 13. Qe2 Nc5 14. Bc2 Bg4 15. f3 Ne6 16. Be3 Nd4 17. Qf2 Nxc2 18. Qxc2 Be6 19. Nd2 Qc8 20. Kh1 h5 21. h4 Nd5 22. Bf2 Rh6 23. Rac1 Nb4 24. Qb3 Rg6 25. Ne4 Kg8 26. a3 Nc6 27. Qb5 a6 28. Qb6 Ne5 29. Qd4 Nc6 30. Qe3 Bf5 31. b4 Re6 32. b5 Bxe4 33. fxe4 Ne5 34. Qe2 Ng4 35. Bg3 Bxa3 36. Rc2 Bd6 37. Bxd6 Rxd6 38. c5 Rf6 39. Rc3 axb5 40. e5 Rf2 0-1

[Event "UKR-ch Women 2020"]
[Site "Kherson"]
[Date "2020.12.10"]
[Round "5.10"]
[White "Mashchenko, Tamila"]
[Black "Yeshchenko, Uliana"]
[Result "1/2-1/2"]
[ECO "D36"]
[WhiteElo "1768"]
[BlackElo "1872"]
[Annotator "NA RC"]
[PlyCount "92"]
[EventDate "2020.12.06"]
[EventType "swiss"]
[EventCountry "UKR"]
[SourceTitle "playchess.com"]
[Source "ChessBase"]
[SourceQuality "1"]
[TimeControl "40/5400+30:1800+30"]

1. c4 e6 2. Nc3 d5 3. cxd5 exd5 4. d4 Nf6 5. Bg5 c6 6. Qc2 Be7 7. e3 Bg4 8. Bd3 Bh5 9. h3 Bg6 10. Nf3 Bxd3 11. Qxd3 Nbd7 {[%emt 0:01:40] [#]} 12. Rc1 $146 ({Predecessor:} 12. O-O O-O 13. Bf4 Re8 14. Bh2 Nb6 15. Ne5 Bd6 16. Rfd1 Qc7 17. f4 Nfd7 18. a4 a5 19. b3 f6 20. Nf3 Re7 21. Kh1 Rae8 {0-1 (53) Tristan,L (2434)-Menna Barreto,F (2250) Mar del Plata 2014}) 12... Nb6 13. b3 O-O 14. O-O Ne4 15. Bf4 Re8 16. Nd2 Nxd2 17. Qxd2 Bb4 18. Qd3 Bxc3 19. Rxc3 Re6 20. Qf5 Nd7 21. Rc2 h6 22. Re2 Qe7 23. Rfe1 Re8 24. Bg3 Re4 25. Qh5 Nf6 26. Qf5 Nh7 (26... g6 $5 27. Qf3 $8 Nh5 $11) 27. Qh5 Ng5 28. Be5 $2 (28. f3 $11 {and White is okay.} Re6 29. h4) 28... Rh4 29. Qxh4 Nf3+ 30. gxf3 Qxh4 31. Kg2 Re6 32. e4 h5 33. Bg3 Rg6 $2 (33... Qe7 $19 {has better winning chances.} 34. Re3 dxe4 35. Rxe4 Rxe4 36. Rxe4 Qa3 37. Re8+ Kh7) 34. exd5 Qxd4 35. Re4 Qxd5 36. Re8+ Kh7 37. R1e5 {[%emt 0:00:19] [#]} Qd7 $2 (37... Qd2 $1 $19 38. Rxh5+ Rh6 39. Rxh6+ Kxh6) 38. R8e7 Qd2 39. Rxh5+ Rh6 40. Rxh6+ Kxh6 41. Rxf7 Qxa2 42. Rxb7 Qa6 43. Rb4 $11 Qa3 44. Rb7 Qa6 45. Rb4 Qa3 46. Rb7 Qa6 1/2-1/2

[Event "UKR-ch Women 2020"]
[Site "Kherson"]
[Date "2020.12.11"]
[Round "6.8"]
[White "Yeshchenko, Uliana"]
[Black "Martynkova, Olena"]
[Result "1-0"]
[ECO "A46"]
[WhiteElo "1872"]
[BlackElo "2222"]
[Annotator "ChessBase"]
[PlyCount "173"]
[EventDate "2020.12.06"]
[EventType "swiss"]
[EventCountry "UKR"]
[SourceTitle "playchess.com"]
[Source "ChessBase"]
[SourceQuality "1"]
[TimeControl "40/5400+30:1800+30"]

1. d4 Nf6 2. Nf3 c5 3. c4 cxd4 4. Nxd4 b6 5. Nc3 Bb7 6. f3 d6 7. e4 a6 8. Be3 e6 9. Be2 Nbd7 10. Rc1 Be7 11. O-O O-O 12. Kh1 Rc8 13. Bg1 Kh8 14. b3 Rg8 15. Bd3 g5 16. Nde2 Bc6 17. Ng3 Rb8 18. a4 Qf8 19. Qe2 Ne5 20. Be3 Qh6 21. Kg1 Nfd7 22. Bc2 Nf8 23. Nd1 Nfg6 24. Nf2 Nf4 25. Qd2 Qh4 26. Ng4 Nxg4 27. fxg4 e5 28. Nf5 Qxg4 29. Bxf4 gxf4 30. Nxe7 Rg5 31. Bd1 Qd7 32. Nxc6 Qxc6 33. Bf3 Rg6 34. Rfd1 Kg7 35. Qd5 Qc5+ 36. Qxc5 bxc5 37. Rd3 a5 38. h3 Rb6 39. Bg4 Kf8 40. Bf5 Rg7 41. Bd7 Ke7 42. Bb5 h5 43. h4 Rg4 44. Rcc3 Rb8 45. g3 Rbg8 46. Kf2 f5 47. Bc6 fxg3+ 48. Rxg3 f4 49. Rxg4 hxg4 50. Rc1 Rh8 51. Rh1 Rh5 52. Bd5 Kf6 53. Bb7 Rh8 54. Bc6 Rh7 55. Kg2 Rc7 56. Bb5 Rh7 57. Be8 Rb7 58. Bb5 Rh7 59. Kf2 Ke7 60. h5 Kf6 61. h6 Kg5 62. Bd7 g3+ 63. Kg2 Rxh6 64. Rxh6 Kxh6 65. Bg4 Kg5 66. Bd1 Kf6 67. Kh3 Kg6 68. Be2 Kh6 69. Bf1 Kg6 70. Kg4 Kf6 71. Bg2 Kg6 72. Bf3 Kf6 73. Kh5 Kf7 74. Kg5 Kg7 75. Kf5 Kf7 76. Bh1 Ke7 77. Kg6 Ke6 78. Kg7 Ke7 79. Bf3 Ke6 80. Kf8 Kf6 81. Ke8 Kg5 82. Ke7 g2 83. Bxg2 Kg4 84. Kxd6 Kg3 85. Bf1 Kf2 86. Kxe5 f3 87. Kf4 1-0

[Event "UKR-ch Women 2020"]
[Site "Kherson"]
[Date "2020.12.11"]
[Round "6.9"]
[White "Mashchenko, Tamila"]
[Black "Tsirulnik, Maritsa"]
[Result "0-1"]
[ECO "A13"]
[WhiteElo "1768"]
[BlackElo "2139"]
[Annotator "ChessBase"]
[PlyCount "132"]
[EventDate "2020.12.06"]
[EventType "swiss"]
[EventCountry "UKR"]
[SourceTitle "playchess.com"]
[Source "ChessBase"]
[SourceQuality "1"]
[TimeControl "40/5400+30:1800+30"]

1. c4 e6 2. Nc3 d5 3. cxd5 exd5 4. d4 c6 5. Nf3 Bd6 6. Bg5 f6 7. Bh4 Ne7 8. Bg3 Bf5 9. Bxd6 Qxd6 10. e3 Qb4 11. Qd2 Nd7 12. Be2 a5 13. O-O a4 14. Nb5 Qxd2 15. Nd6+ Kd8 16. Nxd2 Kc7 17. Nxf5 Nxf5 18. Bd3 Nd6 19. Rac1 f5 20. f3 Rhe8 21. Kf2 b5 22. Rc2 Kb6 23. Rfc1 Rac8 24. h3 c5 25. g4 g6 26. gxf5 c4 27. Be2 Nxf5 28. Nf1 Re7 29. b3 Rce8 30. bxa4 b4 31. Rb2 Ka5 32. Rcb1 Rb8 33. Bd1 Rb6 34. Bc2 Nb8 35. Rd1 Rf6 36. Rdb1 Nc6 37. Rd1 Rfe6 38. Bxf5 gxf5 39. Ng3 Rf6 40. Nh5 Rd6 41. Rg1 Kxa4 42. Nf4 Ka3 43. Re2 Na7 44. Rg5 Nb5 45. Rxf5 Nc3 46. Rd2 Nxa2 47. Nxd5 Ra7 48. Nf4 c3 49. Re2 b3 50. Nd3 c2 51. Rc5 Nb4 52. Nxb4 Kxb4 53. Rcxc2 bxc2 54. Rxc2 Ra3 55. Rc7 h6 56. Re7 Kc4 57. f4 Rd5 58. Kf3 Rxd4 59. f5 Kc5 60. f6 Rd6 61. Re5+ Rd5 62. Re6 Rf5+ 63. Kg4 Rf1 64. e4 Kd4 65. h4 Ra5 66. f7 h5+ 0-1

[Event "UKR-ch Women 2020"]
[Site "Kherson"]
[Date "2020.12.12"]
[Round "7.1"]
[White "Buksa, Nataliya"]
[Black "Hryzlova, Sofiia"]
[Result "1-0"]
[ECO "C02"]
[WhiteElo "2410"]
[BlackElo "2064"]
[Annotator "ChessBase"]
[PlyCount "107"]
[EventDate "2020.12.06"]
[EventType "swiss"]
[EventCountry "UKR"]
[SourceTitle "playchess.com"]
[Source "ChessBase"]
[SourceQuality "1"]
[TimeControl "40/5400+30:1800+30"]

1. e4 e6 2. d4 d5 3. e5 c5 4. c3 Nc6 5. Nf3 Nge7 6. Bd3 cxd4 7. cxd4 Nf5 8. Bxf5 exf5 9. Nc3 h6 10. h4 Bb4 11. Kf1 O-O 12. Ne2 Re8 13. Nf4 Bf8 14. Rh3 b6 15. Rg3 Ba6+ 16. Kg1 Rc8 17. Bd2 Qd7 18. Nh5 Re6 19. Nf6+ Rxf6 20. exf6 g6 21. Bf4 Qe6 22. Qa4 Bb7 23. Be5 f4 24. Bxf4 Qxf6 25. Be5 Qf5 26. Qb3 Na5 27. Qe3 Nc4 28. Qf4 Qxf4 29. Bxf4 Nxb2 30. Ne5 h5 31. Rf3 Nc4 32. Bg3 Nd6 33. Nd7 Ne4 34. Nxf8 Kxf8 35. Bf4 Rc4 36. Rc1 a6 37. a4 Bc6 38. Rb1 b5 39. axb5 Bxb5 40. Ra3 Rc6 41. Re3 Rc2 42. f3 Nc3 43. Bd6+ Kg8 44. Rbe1 Ne2+ 45. Kh1 Kg7 46. Re7 Ra2 47. Be5+ Kf8 48. Bf6 Rc2 49. Rb7 Ke8 50. Kh2 Bd3 51. Re7+ Kf8 52. Rd7 Bb5 53. Rxd5 Ra2 54. Rd8+ 1-0

[Event "UKR-ch Women 2020"]
[Site "Kherson"]
[Date "2020.12.12"]
[Round "7.2"]
[White "Babiy, Olga"]
[Black "Osmak, Iulija"]
[Result "1-0"]
[ECO "B66"]
[WhiteElo "2271"]
[BlackElo "2438"]
[Annotator "ChessBase"]
[PlyCount "87"]
[EventDate "2020.12.06"]
[EventType "swiss"]
[EventCountry "UKR"]
[SourceTitle "playchess.com"]
[Source "ChessBase"]
[SourceQuality "1"]
[TimeControl "40/5400+30:1800+30"]

1. e4 c5 2. Nf3 Nc6 3. d4 cxd4 4. Nxd4 Nf6 5. Nc3 d6 6. Bg5 e6 7. Qd2 a6 8. O-O-O h6 9. Nxc6 bxc6 10. Bf4 d5 11. Qe3 Bb4 12. a3 Ba5 13. Be2 O-O 14. e5 Nd7 15. g4 f6 16. exf6 Qxf6 17. Bg3 c5 18. Na4 d4 19. Qe4 Ra7 20. Bc4 Re8 21. Qc6 Qe7 22. Rhe1 Bxe1 23. Rxe1 Nf8 24. Nxc5 Bd7 25. Qb6 Raa8 26. Nxa6 Qg5+ 27. f4 Qxg4 28. Qxd4 Red8 29. Qe5 Rdc8 30. Bd3 Ba4 31. Nc5 Ra5 32. b4 Ra7 33. Bf2 Qf3 34. Bd4 Be8 35. Rg1 Rcc7 36. Kb2 Bg6 37. Rxg6 Nxg6 38. Qxe6+ Rf7 39. Qxg6 Qd5 40. Ne6 Rfe7 41. Qh7+ Kf7 42. f5 Ra8 43. Qg6+ Kg8 44. Bxg7 1-0

[Event "UKR-ch Women 2020"]
[Site "Kherson"]
[Date "2020.12.12"]
[Round "7.3"]
[White "Petrova, Irina"]
[Black "Shpanko, Nadiia"]
[Result "1/2-1/2"]
[ECO "C15"]
[WhiteElo "2077"]
[BlackElo "2235"]
[Annotator "ChessBase"]
[PlyCount "91"]
[EventDate "2020.12.06"]
[EventType "swiss"]
[EventCountry "UKR"]
[SourceTitle "playchess.com"]
[Source "ChessBase"]
[SourceQuality "1"]
[TimeControl "40/5400+30:1800+30"]

1. e4 e6 2. d4 d5 3. Nc3 Bb4 4. Bd3 c5 5. a3 Bxc3+ 6. bxc3 c4 7. Be2 dxe4 8. Bxc4 Qc7 9. Bb5+ Bd7 10. Bxd7+ Nxd7 11. Ne2 Ngf6 12. O-O Nd5 13. Ng3 N7f6 14. Bg5 Qxc3 15. Re1 Rc8 16. Bxf6 Nxf6 17. Qb1 b6 18. Nxe4 Nxe4 19. Rxe4 O-O 20. Ra2 Rc4 21. g3 Rxd4 22. Rxd4 Qxd4 23. a4 f5 24. a5 f4 25. Qe1 Qc4 26. Ra1 h5 27. axb6 axb6 28. Rb1 Qc6 29. Rb4 fxg3 30. hxg3 Rf6 31. Qe3 b5 32. Qe2 Rf5 33. c4 bxc4 34. Rxc4 Qd5 35. Re4 Kf7 36. Rb4 Re5 37. Rf4+ Ke7 38. Qf3 Qxf3 39. Rxf3 g5 40. Kg2 h4 41. gxh4 gxh4 42. Rf4 Rg5+ 43. Kh3 e5 44. Rxh4 Ke6 45. f4 exf4 46. Rxf4 1/2-1/2

[Event "UKR-ch Women 2020"]
[Site "Kherson"]
[Date "2020.12.12"]
[Round "7.4"]
[White "Doluhanova, Evgeniya"]
[Black "Rakhmangulova, Anastasiya"]
[Result "0-1"]
[ECO "A10"]
[WhiteElo "2229"]
[BlackElo "2132"]
[Annotator "NA"]
[PlyCount "124"]
[EventDate "2020.12.06"]
[EventType "swiss"]
[EventCountry "UKR"]
[SourceTitle "playchess.com"]
[Source "ChessBase"]
[SourceQuality "1"]
[TimeControl "40/5400+30:1800+30"]

1. c4 g6 2. Nc3 Bg7 3. e4 d6 4. Nge2 Nf6 5. g3 O-O 6. Bg2 e5 7. d4 Nbd7 8. d5 a6 9. h3 b5 10. cxb5 axb5 11. Nxb5 Ba6 12. Nec3 Nc5 13. Be3 Ncxe4 14. a4 Nxc3 15. bxc3 Nd7 16. O-O f5 17. Qd2 Rf7 18. f4 Nb6 19. Qc2 Nc4 20. Bf2 e4 21. Rfd1 e3 22. Be1 Re7 23. Qe2 Nb6 24. a5 Nd7 25. Rab1 Bxb5 26. Rxb5 Re8 27. Qc4 Qe7 28. Qe2 Nc5 29. c4 Qd7 30. Kh2 Bf6 31. Rdb1 Qg7 32. Bb4 Na6 33. Ba3 Bd4 34. Rd1 Nc5 35. Bb4 Na4 36. Rd3 Nc5 37. Rd1 Ra7 38. Be1 Bc3 39. Rc1 Bxe1 40. Rxe1 Qc3 41. h4 Rxa5 42. Rxa5 Qxa5 43. h5 Nd3 44. Rb1 Qd2 45. Bf3 Ra8 46. Qxd2 exd2 47. hxg6 hxg6 48. Kg2 Ra2 49. Bd1 Nc5 50. Kf1 Ne4 51. Rb3 Ra1 52. Ke2 Rc1 53. Rb8+ Kf7 54. Rb4 Ke7 55. g4 fxg4 56. c5 Nc3+ 57. Kxd2 Rxd1+ 58. Kxc3 dxc5 59. Re4+ Kf6 60. Re5 Rd4 61. Re6+ Kf5 62. Re7 g3 0-1

[Event "UKR-ch Women 2020"]
[Site "Kherson"]
[Date "2020.12.12"]
[Round "7.5"]
[White "Dubovyk, Anastasiia"]
[Black "Hrebenshchykova, Yelyzaveta"]
[Result "0-1"]
[ECO "B59"]
[WhiteElo "1971"]
[BlackElo "2083"]
[Annotator "NA"]
[PlyCount "70"]
[EventDate "2020.12.06"]
[EventType "swiss"]
[EventCountry "UKR"]
[SourceTitle "playchess.com"]
[Source "ChessBase"]
[SourceQuality "1"]
[TimeControl "40/5400+30:1800+30"]

1. e4 c5 2. Nf3 d6 3. d4 Nf6 4. Nc3 cxd4 5. Nxd4 Nc6 6. Be2 e5 7. Nb3 Be6 8. Nd5 Nxe4 9. c4 h6 10. O-O Be7 11. f4 O-O 12. f5 Bxd5 13. cxd5 Qb6+ 14. Kh1 Nb4 15. a3 Na6 16. Bxa6 bxa6 17. Qf3 Nf6 18. a4 Rac8 19. Ra3 Rc2 20. Na1 Rc4 21. b3 Rc7 22. Be3 Qb7 23. Rd1 Rc3 24. h3 Nxd5 25. Qxd5 Qxd5 26. Rxd5 Rxe3 27. Nc2 Rc3 28. Nb4 Rb8 29. Nd3 e4 30. Nf4 Bg5 31. Ne2 Rc2 32. Nd4 Rd2 33. g3 e3 34. Ra1 e2 35. Re1 Rd1 0-1